 Dungeon Crawl Stone Soup version 0.17-a0-802-g1f09329 (webtiles) character file.

3236 oplop the Geomancer (level 9, -9/48 HPs)
             Began as a Gargoyle Earth Elementalist on Apr 26, 2015.
             Was a Believer of Cheibriados.
             Mangled by a boring beetle (26 damage)
             ... on level 8 of the Dungeon.
             The game lasted 00:28:16 (8122 turns).

oplop the Geomancer (Gargoyle Earth Elementalist)   Turns: 8122, Time: 00:28:16

Health: -9/48      AC: 16    Str: 17    XL:     9   Next: 98%
Magic:  4/18       EV: 12    Int: 24    God:    Cheibriados [**....]
Gold:   400        SH:  0    Dex: 14    Spells: 6 memorised, 5 levels left

rFire  . . .     SeeInvis .     a - +2 whip (elec)
rCold  + . .     Clarity  .     h - +0 robe
rNeg   + . .     SustAb   .     (no shield)
rPois  ∞         Gourm    .     s - +0 helmet
rElec  +         Spirit   .     (no cloak)
rCorr  .         Warding  .     r - +2 pair of gloves
rMut   .         Stasis   .     (no boots)
MR     .....                    g - amulet of regeneration
Stlth  ++........               v - +5 ring of protection
                                y - ring of protection from cold

@: very slightly contaminated, very slow, not resistant to hostile enchantments,
unstealthy
A: clever 1, frail 1, low mp 1, negative energy resistance 1, electricity
resistance, unbreathing, petrification resistance, rot immunity, AC +5
a: Bend Time, Renounce Religion


You were on level 8 of the Dungeon.
You worshipped Cheibriados.
Cheibriados was pleased with you.
You were not hungry.

You visited 2 branches of the dungeon, and saw 9 of its levels.

You collected 400 gold pieces.

Inventory:

Hand weapons
 a - a +2 whip of electrocution (weapon)
 o - a +0 whip
Missiles
 b - 158 stones (quivered)
Armour
 h - a +0 robe (worn)
 p - a +0 chain mail
 r - a +2 pair of gloves (worn)
 s - a +0 helmet (worn)
Jewellery
 g - an amulet of regeneration (around neck)
 v - a +5 ring of protection (right hand)
 y - a ring of protection from cold (left hand)
 B - an uncursed ring of teleport control
Magical devices
 t - a wand of digging (5)
Scrolls
 e - 2 scrolls of recharging
 f - a scroll of magic mapping
 i - 7 scrolls of remove curse
 k - a scroll of fog
Potions
 l - a potion of heal wounds {unknown}
 m - 3 potions of flight
 n - 2 potions of restore abilities
 u - 4 potions of curing
Books
 c - a book of Geomancy

   Spells                             Type                      Level
   a - Sandblast                      Earth                        1
   b - Stoneskin                      Transmutation/Earth          2
   c - Passwall                       Transmutation/Earth          3
   d - Stone Arrow                    Conjuration/Earth            3
   e - Petrify                        Transmutation/Earth          4
   f - Lee's Rapid Deconstruction     Earth                        5
 w - a book of Beasts

   Spells                             Type                      Level
   a - Summon Butterflies             Summoning                    1
   b - Call Canine Familiar           Summoning                    3
   c - Summon Ice Beast               Ice/Summoning                4
   d - Summon Mana Viper              Hexes/Summoning              5
   e - Monstrous Menagerie            Summoning                    6
   f - Summon Hydra                   Summoning                    7
Comestibles
 d - 6 bread rations
 q - 3 chunks of flesh
 z - 3 meat rations


   Skills:
 + Level 5.4 Fighting
 + Level 5.0 Maces & Flails
 - Level 1.5 Dodging
 - Level 2.1 Stealth
 * Level 7.8 Spellcasting
 - Level 0.7 Transmutations
 * Level 10.2 Earth Magic


You had 5 spell levels left.
You knew the following spells:

 Your Spells              Type           Power        Failure   Level  Hunger
a - Sandblast             Erth           ######       1%          1    None
b - Stoneskin             Trmt/Erth      #####...     1%          2    None
c - Stone Arrow           Conj/Erth      ####..       2%          3    None
d - Petrify               Trmt/Erth      #####...     10%         4    ###....
e - Lee's Rapid Deconstr  Erth           ######....   2%          5    #####..
f - Passwall              Trmt/Erth      #####.....   2%          3    None


Dungeon Overview and Level Annotations

Branches:
Dungeon (8/15)             Temple (1/1) D:6
   Lair: D:8-11

Altars:
Ashenzari
Cheibriados
Dithmenos
Fedhas
Gozag
Kikubaaqudgha
Makhleb
Nemelex Xobeh
Qazlal
Ru
Sif Muna
Trog
Vehumet
Xom
Zin
The Shining One

Shops:
D:7 %

Annotations:
D:2 Terence
D:5 1 runed door
D:6 Grinder


Innate Abilities, Weirdness & Mutations

You are resistant to torment.
Your stone body is resilient (AC +5).
You are immune to poison.
You resist negative energy.
You are resistant to electric shocks.
You can survive without breathing.
You are immune to petrification.
You are immune to rotting.
Your mind is acute. (Int +2)
You are frail (-10% HP).
Your magical capacity is low (-10% MP).


Message History

The boring beetle is moderately wounded.
The boring beetle bites you!
Use which ability? (? or * to list)
You fail to use your ability.
You hit the boring beetle but do no damage.
There is a sudden explosion of sparks!
The boring beetle is heavily wounded.
The boring beetle is no longer petrified.
The boring beetle bites you!
You hear a grinding noise.
A brain worm comes into view.
Read which item? (? for menu, Esc to quit)
As you read the scroll labeled GULEGU AXTAI, it crumbles to dust.
Forget which spell ([?*] list [ESC] exit)?
Forget which spell ([?*] list [ESC] exit)?
Okay, then.
It was a scroll of amnesia.
The boring beetle bites you. The boring beetle bites you!!
Ouch! That really hurt!
You die...

..........#.#
#..........#.#
#..........'.#
##..........###
............#
.............#
.............######
.............##...##
..########..@B.a..#
##.#Bw..#+ #.#.#.#.#
#########


You could see 2 boring beetles, a brain worm and a worker ant (petrified).

Vanquished Creatures
  Pikel (D:4)
  A wyvern (D:6)
  2 hippogriffs (D:7)
  2 ice beasts (D:5)
  An orc warrior (D:7)
  A sky beast (D:5)
  2 slaves (D:4)
  A phantom (D:6)
  A necrophage (D:8)
  2 ogres (D:7)
  2 centaurs
  The ghost of Hanyuu the Insei, an average OpTm (D:3)
  5 giant frogs
  A wyvern zombie (D:6)
  A wyvern skeleton (D:6)
  A scorpion (D:7)
  A water moccasin skeleton (D:7)
  4 crimson imps
  2 orc priests (D:7)
  A hound (D:5)
  3 giant frog skeletons
  3 iguanas (D:4)
  5 orc wizards
  4 worker ants
  2 hound skeletons
  2 worker ant zombies
  8 adders
  3 shadow imps
  An ooze (D:4)
  An adder skeleton (D:4)
  4 worms
  7 giant geckos
  13 orcs
  9 bats
  3 bat skeletons
  2 bat zombies
  A giant cockroach (D:7)
  10 goblins
  9 hobgoblins
  5 jackals
  12 kobolds
  A quokka (D:4)
  A ball python (D:4)
  3 giant newts
  13 rats
158 creatures vanquished.

Vanquished Creatures (others)
  An iguana (D:6)
  2 rats (D:6)
3 creatures vanquished.

Grand Total: 161 creatures vanquished

Notes
Turn   | Place    | Note
--------------------------------------------------------------
     0 | D:1      | oplop, the Gargoyle Earth Elementalist, began the quest for the Orb.
     0 | D:1      | Reached XP level 1. HP: 10/10 MP: 3/3
   292 | D:1      | Reached XP level 2. HP: 12/15 MP: 5/5
   664 | D:1      | Reached skill level 4 in Earth Magic
  1330 | D:2      | Reached XP level 3. HP: 11/19 MP: 1/6
  1732 | D:2      | Reached skill level 1 in Maces & Flails
  1873 | D:3      | Noticed Terence
  2292 | D:3      | Noticed Hanyuu's ghost (average OpTm)
  2297 | D:3      | Killed Hanyuu's ghost
  2297 | D:3      | Reached skill level 5 in Earth Magic
  2297 | D:3      | Reached XP level 4. HP: 15/24 MP: 5/9
  2297 | D:3      | Reached XP level 5. HP: 17/28 MP: 5/10
  2788 | D:3      | Found a bloodstained altar of Trog.
  2898 | D:4      | Noticed Pikel
  2898 | D:4      | Noticed a slave
  2898 | D:4      | Noticed a slave
  2902 | D:4      | Noticed a slave
  3057 | D:4      | Noticed a slave
  3078 | D:4      | Killed a slave
  3217 | D:4      | Learned a level 3 spell: Stone Arrow
  3264 | D:4      | Reached XP level 6. HP: 33/33 MP: 7/11
  3321 | D:4      | Killed a slave
  3572 | D:4      | Learned a level 2 spell: Stoneskin
  3736 | D:4      | Reached skill level 1 in Fighting
  3940 | D:5      | Entered Level 5 of the Dungeon
  3940 | D:5      | Found a glowing silver altar of Zin.
  3963 | D:5      | Found a runed door.
  3966 | D:5      | Found a glowing golden altar of the Shining One.
  3966 | D:5      | Noticed an angel
  4178 | D:5      | Reached skill level 6 in Earth Magic
  4202 | D:5      | Reached XP level 7. HP: 19/38 MP: 9/13
  4592 | D:5      | Reached skill level 5 in Spellcasting
  4747 | D:5      | Reached skill level 7 in Earth Magic
  5357 | D:5      | Reached XP level 8. HP: 45/45 MP: 4/15
  5859 | D:4      | Killed Pikel
  5859 | D:4      | Reached skill level 8 in Earth Magic
  6028 | D:5      | Learned a level 4 spell: Petrify
  6034 | D:5      | Learned a level 5 spell: Lee's Rapid Deconstruction
  6038 | D:5      | Learned a level 3 spell: Passwall
  6103 | D:6      | Got a pitted scale mail
  6125 | D:6      | Identified the +2 scale mail of Deutinak {rPois Regen+ rCorr Slay-5} (You found it on level 6 of the Dungeon)
  6294 | D:6      | Noticed Grinder
  6361 | D:6      | Reached XP level 9. HP: 20/52 MP: 6/18
  6528 | D:6      | Found a shimmering altar of Xom.
  6533 | D:6      | Reached skill level 9 in Earth Magic
  6599 | D:6      | Found a staircase to the Ecumenical Temple.
  6682 | Temple   | Entered the Ecumenical Temple
  6866 | Temple   | Became a worshipper of Cheibriados the Contemplative
  6924 | D:7      | Gained mutation: You are frail (-10% HP). [potion of mutation]
  6924 | D:7      | Gained mutation: Your magical capacity is low (-10% MP). [potion of mutation]
  6925 | D:7      | Lost mutation: You are frail (-10% HP). [potion of mutation]
  6925 | D:7      | Gained mutation: You are frail (-10% HP). [potion of mutation]
  6925 | D:7      | Gained mutation: Your mind is acute. (Int +2) [potion of mutation]
  7183 | D:7      | Found a stormy altar of Qazlal.
  7213 | D:7      | Acquired Cheibriados's first power
  7229 | D:7      | Reached skill level 5 in Fighting
  7313 | D:7      | Found Rysoes's Food Shop.
  7625 | D:7      | Reached skill level 10 in Earth Magic
  7754 | D:7      | Reached skill level 5 in Maces & Flails
  8122 | D:8      | Mangled by a boring beetle

Action                   |  1- 3 |  4- 6 |  7- 9 || total
-------------------------+-------+-------+-------++-------
Melee: Short sword       |     8 |       |       ||     8
       Unarmed           |     6 |       |       ||     6
       Whip              |    61 |   100 |   246 ||   407
 Cast: Sandblast         |    39 |    78 |    63 ||   180
       Stone Arrow       |       |    10 |    29 ||    39
       Stoneskin         |       |     1 |     2 ||     3
       Petrify           |       |       |     6 ||     6
       Lee's Rapid Decon |       |       |     3 ||     3
  Use: Scroll            |       |     9 |     5 ||    14
       Potion            |       |     2 |     2 ||     4
 Stab: Sleeping          |     2 |     1 |     2 ||     5
       Distracted        |       |       |     1 ||     1
  Eat: Chunk             |     3 |     6 |     6 ||    15
       Beef jerky        |     1 |       |     2 ||     3
       Meat ration       |       |       |     1 ||     1
       Pizza             |       |       |     1 ||     1
